[Event "*** Titled Tuesday Blitz"]
[Site "Chess.com"]
[Date "2021.04.27"]
[Round "6"]
[White "WisdomGame"]
[Black "Leo_C"]
[Result "0-1"]
[WhiteElo "2137"]
[BlackElo "2465"]
[TimeControl "180+1"]
[EndTime "11:07:54 PDT"]
[Termination "Leo_C won by checkmate"]

1. e4 c6 2. Ne2 d5 3. e5 d4 4. d3 c5 5. f4 Nh6 6. Nd2 Nf5 7. Ne4 e6 8. g3 h5 9. Bg2 Nc6 10. O-O Be7 11. h3 Qc7 12. g4 hxg4 13. hxg4 Nh4 14. N2g3 b6 15. Nh5 Rh7 16. Bh1 Bb7 17.
Bd2 O-O-O 18. Be1 Rdh8 19. Bg3 Nb4 20. c3 Nd5 21. cxd4 Ne3 22. Qe1 Nxf1 23. Bxh4 Bxh4 24.
Qxh4 Ne3 25. Nd6+ Kb8 26. Bxb7 g6 27. Qf2 Nxg4 28. Qg2 gxh5 29. Be4 Rg7 30. Rc1 Rhg8 31. Kh1 Nxe5 32. dxe5 Rxg2 33. Bxg2 Qe7 34. Rf1 Qh4+ 35.
Kg1 Qg3 36. Rf2 h4 37. Ne4 Qe3 38. Ng5 h3 39. Be4 Rxg5+ 40. fxg5 Qxg5+ 41. Kh2 Qxe5+ 42. Kxh3 f5 43. Bg2 Qd4 44. Rf3 Qg4+ 45. Kh2 e5 46.
Rg3 Qh4+ 47. Rh3 Qf4+ 48. Kg1 Qc1+ 49. Kh2 Qxb2 50. Rh8+ Kc7 51. Rh7+ Kd6 52. Rxa7 e4 53. dxe4 fxe4 54. Kg3 e3 55. Ra8 e2 56. Re8 Qg7+ 57.
Kh2 Qh6+ 58. Kg1 Qd2 59. Kh2 e1=Q 60. Rd8+ Ke5 61. Re8+ Kd4 62. Rd8+ Kc3 63. Rf8 Qh6+ 64. Bh3 Qxf8 65. a4 Qff2+ 66. Bg2 Qh4+ 67. Bh3 Qef2+ 68. Kh1 Qxh3# 0-1

[Event "*** Titled Tuesday Blitz"]
[Site "Chess.com"]
[Date "2021.04.27"]
[Round "6"]
[White "anon102030"]
[Black "AldokhinIvan"]
[Result "1-0"]
[WhiteElo "2754"]
[BlackElo "2537"]
[TimeControl "180+1"]
[EndTime "11:07:56 PDT"]
[Termination "anon102030 won by resignation"]

1. e4 c5 2. Nc3 e6 3. g3 Nc6 4.
Bg2 Nf6 5. d3 g6 6. Be3 b6 7. e5 Ng8 8. Ne4 Nxe5 9. Bg5 f6 10.
Nxf6+ Nxf6 11. Bxa8 d5 12. Qe2 Bd6 13. f4 Nf7 14.
Bxd5 O-O 15. Bg2 Nxg5 16. fxg5 Nh5 17. Nf3 Bxg3+ 18. hxg3 Nxg3 19. Qe3 Nxh1 20. Bxh1 Qd6 21. O-O-O Qf4 22. Qxf4 Rxf4 23. Re1 Rg4 24. Ne5 Rxg5 25. Nc6 Kf7 26. Nxa7 Bd7 27. Nc6 Bxc6 28. Bxc6 Kf6 29. Bd7 e5 30. Re4 h5 31. Ra4 Rg1+ 32. Kd2 Rg2+ 33.
Kc3 g5 34. Ra6 Ke7 35. Bc6 Rf2 36. Rxb6 h4 37. Bd5 Kd8 38. Rd6+ Kc7 39. Re6 Kd7 40. Rxe5 g4 41. Rh5 Rf4 42. Rxh4 Kd6 43. Be4 Ke5 44.
Rh5+ Kf6 45. Rxc5 Ke7 46. Rg5 Kf6 47. Rg6+ Ke7 48. a4 Kf7 49. Rg5 Kf6 50. Rb5 g3 51. Rb6+ Kf7 52. Bd5+ Ke7 53. Rg6 Rxa4 54. Rxg3 Kd6 55.
Bc4 Ra1 56. Kd4 Kc7 57. Rg6 Kd7 58. Kc5 Rb1 59. b4 Kc7 60. b5 Kb8 61. Rg7 Re1 62.
b6 Re2 63. Kc6 Re8 64. Rb7+ Kc8 65. Rc7+ Kb8 66. b7 Re6+ 67. Bxe6 Ka7 68. b8=Q+ Kxb8 69. Bc4 Ka8 70. d4 Kb8 71. d5 Ka8 72. d6 Kb8 73. d7 1-0

[Event "*** Titled Tuesday Blitz"]
[Site "Chess.com"]
[Date "2021.04.27"]
[Round "6"]
[White "anon6121824"]
[Black "amintabatabaei"]
[Result "0-1"]
[WhiteElo "2815"]
[BlackElo "2987"]
[TimeControl "180+1"]
[EndTime "11:07:58 PDT"]
[Termination "amintabatabaei won on time"]

1. e4 c5 2. Nc3 Nc6 3. g3 g6 4. Bg2 Bg7 5. Nge2 Rb8 6. O-O b5 7. d3 e6 8. Be3 Nd4 9. Qd2 d6 10.
Nd1 h5 11. h4 Ne7 12. c3 Nxe2+ 13. Qxe2 b4 14. Qd2 O-O 15. Bh6 a5 16. Bxg7 Kxg7 17. Ne3 Ba6 18. Rfd1 Qb6 19. d4 bxc3 20. bxc3 cxd4 21.
cxd4 Rfc8 22. Rac1 Qb4 23. Rxc8 Qxd2 24. Rxd2 Nxc8 25.
Rc2 Rb4 26. Bf1 Bxf1 27. Kxf1 Ne7 28. Rc4 Rb2 29. Rc2 Rxc2 30. Nxc2 f5 31. e5 Nc8 32. Ke2 Kf7 33. Kd3 d5 34. Ne3 f4 35. gxf4 Ne7 36.
Kc3 Ke8 37. Kb3 Nc6 38. Ka4 Nxd4 39. Kxa5 Nf3 40. Ng2 Kd7 41. Kb4 Kc6 42. Kc3 Kb5 43.
Kd3 Kb4 44. Ke3 Nh2 45. f3 Nf1+ 46. Kf2 Nd2 47. f5 gxf5 48. Nf4 Nc4 49. Nxe6 Nxe5 50. Nd4 Kc3 51. Nxf5 d4 52. Nd6 d3 53. Ne4+ Kc2 54.
Ke3 Nc4+ 55. Kd4 Nd6 56. Nf2 d2 57. f4 Nf5+ 58. Ke4 Ng3+ 59. Kf3 Nh1 0-1

[Event "*** Titled Tuesday Blitz"]
[Site "Chess.com"]
[Date "2021.04.27"]
[Round "6"]
[White "TimofeevAr"]
[Black "Konavets"]
[Result "0-1"]
[WhiteElo "2826"]
[BlackElo "2949"]
[TimeControl "180+1"]
[EndTime "11:07:59 PDT"]
[Termination "Konavets won by resignation"]

1. c4 e5 2. e3 Nf6 3. Nc3 Bb4 4. Nge2 O-O 5. a3 Bxc3 6. Nxc3 Nc6 7. Be2 d6 8. O-O Bf5 9. d3 h6 10. b4 Re8 11. Bb2 Qd7 12. Rc1 Ne7 13. Bf3 c6 14. b5 Ng6 15. bxc6 bxc6 16. Ne4 Bxe4 17. Bxe4 Nxe4 18. dxe4 c5 19. Bc3 Qc6 20. Qc2 Rab8 21. Rfd1 h5 22. h3 h4 23. Rb1 Rb6 24. Qd3 Reb8 25. Rxb6 Rxb6 26. Ba5 Ra6 27. Be1 Nf8 28. f3 g5 29. f4 Qa4 30. fxg5 Ng6 31. Bf2 Qxa3 32.
Qxa3 Rxa3 33. Rxd6 Ra4 34. Rd7 Rxc4 35. Rxa7 Rxe4 36.
Rc7 Rc4 37. g3 e4 38. gxh4 Ne5 39. Kg2 Rc2 40. Kg3 Nd3 41. Bg1 c4 42. h5 c3 43.
g6 fxg6 44. hxg6 Rc1 45. Bh2 c2 46. h4 Nb4 47. h5 Rf1 48. h6 c1=Q 49. h7+ Kh8 50.
Rxc1 Rxc1 51. Kg4 Nc6 52. Bf4 Rg1+ 53. Kh5 Rf1 54. Kh6 Rh1+ 55. Kg5 Kg7 56. Bd6 Rg1+ 57. Kf5 Rf1+ 58. Kg5 Rd1 59. Ba3 Rd5+ 60. Kf4 Rb5 61. Bf8+ Kh8 62. Ba3 Ne5 63. Bb2 Rxb2 64. Kxe5 Kg7 65.
Kxe4 Rb6 66. Kf5 Rf6+ 67. Ke5 Rxg6 68. Kf5 Kxh7 69. e4 Kg7 70. e5 Kf7 71. e6+ Rxe6 0-1

[Event "*** Titled Tuesday Blitz"]
[Site "Chess.com"]
[Date "2021.04.27"]
[Round "6"]
[White "sergiochess83"]
[Black "Nozdrachev_Vladislav"]
[Result "1-0"]
[WhiteElo "2885"]
[BlackElo "2710"]
[TimeControl "180+1"]
[EndTime "11:08:02 PDT"]
[Termination "sergiochess83 won by resignation"]

1. e4 e5 2. Nf3 Nc6 3. Bb5 a6 4. Ba4 Nf6 5. O-O b5 6. Bb3 Bc5 7. a4 Rb8 8. Nc3 d6 9. Nd5 Nxd5 10. Bxd5 Ne7 11. Bb3 O-O 12. axb5 axb5 13. c3 Bb6 14. d4 Ng6 15. Be3 h6 16. Ne1 Qf6 17. g3 Bb7 18.
dxe5 Nxe5 19. Bxb6 cxb6 20. Qd4 Rfe8 21. f3 Bc6 22.
Rd1 Red8 23. Kg2 Qe7 24. Nc2 Bd7 25. Ne3 Be6 26. Bd5 Rdc8 27. Bxe6 Qxe6 28. Qxd6 Qe8 29. Rd5 f6 30. Rfd1 Rc6 31. Qxb8 Qxb8 32. Rd8+ Qxd8 33.
Rxd8+ Kh7 34. Rd5 b4 35. cxb4 Rc1 36. f4 Nc6 37. b5 Nb4 38. Rd2 Rb1 39. Nd5 Na2 40.
Nxb6 Nc1 41. Nc4 Nb3 42. Rd5 Rc1 43. Ne3 Rb1 44. Nd1 Rc1 45. b6 Rc2+ 46. Kh3 Rc6 47. Rb5 Nd4 48. b7 Nxb5 49. b8=Q Nd4 50. Qb7 Rc2 51. Qd5 Nf3 52. e5 Ng1+ 53. Kg4 h5+ 54.
Kxh5 f5 55. h4 Ne2 56. e6 Nxg3+ 57. Kg5 Re2 58. e7 Rxe7 59. h5 Re4 60. Nc3 Re3 61. Kh4 Ne4 62. Qxf5+ Kh8 63. Qxe4 Rxe4 64. Nxe4 Kh7 65. b4 Kh6 66. b5 g5+ 67. fxg5+ 1-0

[Event "*** Titled Tuesday Blitz"]
[Site "Chess.com"]
[Date "2021.04.27"]
[Round "6"]
[White "AlexTriapishko"]
[Black "Oleksandr_Bortnyk"]
[Result "1-0"]
[WhiteElo "2883"]
[BlackElo "2962"]
[TimeControl "180+1"]
[EndTime "11:08:05 PDT"]
[Termination "AlexTriapishko won by checkmate"]

1. d4 Nf6 2. Bg5 g6 3. Bxf6 exf6 4. g3 c6 5. Bg2 Qb6 6. b3 d5 7. e3 a5 8. a3 h5 9. h4 Bg4 10. Ne2 Bd6 11. Nd2 a4 12. b4 Qa6 13. Bf3 Bf5 14.
e4 Be6 15. Nc3 O-O 16. Qe2 Qb6 17. Qd3 Rd8 18. exd5 cxd5 19. O-O Bf8 20. Rfe1 Bh6 21. Nf1 Bf5 22. Qb5 Qxb5 23. Nxb5 Na6 24. Nc3 Nc7 25. Re2 Rac8 26. Rd1 b5 27. Ne3 Be6 28. Ng2 Kg7 29.
Ne3 Rd6 30. Nb1 Rc6 31. c3 Rd8 32. Kg2 Na8 33. Nc2 Nb6 34. Ne1 Bf5 35. Nd3 Bxd3 36. Rxd3 Nc4 37. Rd1 Kf8 38. Rde1 Rc7 39. Kg1 f5 40.
Kg2 Bg7 41. Kg1 Bf6 42. Kg2 Rcc8 43. Kh3 Rd6 44. Kg2 Nb6 45. Kh3 Rdc6 46. Kg2 f4 47. gxf4 Bxh4 48. f5 Rd6 49. fxg6 fxg6 50. Re5 Rcd8 51.
Re6 Kf7 52. Rxd6 Rxd6 53. Re2 Bg5 54. Nd2 Bxd2 55. Rxd2 Nc4 56. Re2 Nxa3 57. Re5 Nb1 58. Bxd5+ Kf6 59. Bf3 Nxc3 60. Rc5 Na2 61. Rxb5 Rxd4 62.
Rb6+ Kg5 63. b5 Rb4 64. Ra6 Nc3 65. b6 a3 66. Rxa3 Na4 67. b7 Nc5 68. Ra5 Kh4 69. Rxc5 g5 70. Rc4+ Rxc4 71. b8=Q g4 72. Qd8# 1-0

[Event "*** Titled Tuesday Blitz"]
[Site "Chess.com"]
[Date "2021.04.27"]
[Round "6"]
[White "Supernotar"]
[Black "Vigorito-NE"]
[Result "0-1"]
[WhiteElo "2725"]
[BlackElo "2646"]
[TimeControl "180+1"]
[EndTime "11:08:07 PDT"]
[Termination "Vigorito-NE won by checkmate"]

1. d4 d5 2. c4 e6 3. Nf3 Nf6 4. e3 Be7 5. Nbd2 O-O 6. Bd3 c5 7. b3 cxd4 8. exd4 b6 9. O-O Bb7 10.
Bb2 Nc6 11. Rc1 Rc8 12. Qe2 Re8 13. Rfd1 Na5 14. Ne5 dxc4 15. bxc4 Qc7 16. Ndf3 h6 17. h3 Red8 18. Bb1 Ba6 19. Bd3 Nc6 20. Nxc6 Qxc6 21.
d5 exd5 22. Qxe7 dxc4 23. Bxf6 Qxf6 24. Qxf6 gxf6 25. Bc2 b5 26. a3 Bb7 27. Nd4 a6 28. Nf5 Kf8 29. Nd6 Rc7 30. Nxb7 Rxd1+ 31. Rxd1 Rxb7 32. Kf1 a5 33. Ke2 b4 34. axb4 axb4 35. Rd4 Rc7 36. Bf5 Rc5 37. g4 b3 38. Kd2 c3+ 39. Kc1 c2 40. Rb4 Rc3 41. h4 Ke7 42.
h5 Kd6 43. Be4 Kc5 44. Rb7 Kd4 45. f3 Re3 46. Kb2 Re1 47. Rc7 Rb1+ 48. Ka3 c1=Q+ 49.
Rxc1 Rxc1 50. Kxb3 Rc3+ 51. Kb4 Rc7 52. Kb5 Ke3 53.
Kb6 Rc1 54. Kb5 Kf4 55. Kb4 Rf1 56. Bd5 Rxf3 57. Bxf7 Kxg4 58. Kc4 Re3 59. Kd4 Re5 60. Bg6 Rxh5 61. Ke3 Re5+ 62. Kf2 f5 63. Bf7 f4 64. Bc4 Ra5 65. Bd3 h5 66. Be2+ Kg5 67. Kf3 Ra3+ 68. Kf2 h4 69. Bc4 h3 70. Bd5 Rd3 71. Be4 Re3 72. Bd5 h2 73. Kg2 Re2+ 74. Kh1 Rd2 75. Bf3 Kh4 76. Be4 Kg3 77. Bf3 Rf2 78. Bg2 Ra2 79.
Bf1 Rb2 80. Bg2 Rb1+ 81. Bf1 Rxf1# 0-1

[Event "*** Titled Tuesday Blitz"]
[Site "Chess.com"]
[Date "2021.04.27"]
[Round "6"]
[White "Jungle_Jaguar"]
[Black "CM_rui"]
[Result "1-0"]
[WhiteElo "2693"]
[BlackElo "2514"]
[TimeControl "180+1"]
[EndTime "11:08:07 PDT"]
[Termination "Jungle_Jaguar won by checkmate"]

1. e4 e5 2. Nf3 Nc6 3. Bb5 a6 4. Ba4 Nf6 5. O-O Be7 6. Re1 b5 7. Bb3 O-O 8. a4 b4 9. d4 exd4 10. e5 Ne8 11. Nxd4 Nxd4 12. Qxd4 Bb7 13. a5 c5 14. Qg4 d5 15. Rd1 Qc7 16. Bxd5 Bxd5 17.
Rxd5 Rd8 18. Rxd8 Qxd8 19. Bf4 Nc7 20. Nd2 Ne6 21. Be3 Qc7 22. Nc4 Rd8 23. Rd1 h6 24. h3 Bg5 25. Rxd8+ Qxd8 26. f4 Be7 27. f5 Ng5 28. h4 Nh7 29. Bxh6 Bf8 30. Be3 Qd5 31. b3 Kh8 32. Qf3 Qd7 33. Kh2 Be7 34. Qe4 Qd8 35. Bf2 Qd1 36. Qa8+ Nf8 37. f6 gxf6 38.
exf6 Bd6+ 39. Nxd6 Qxd6+ 40. Bg3 Qxf6 41. Qxf8+ Kh7 42.
Qxc5 Qe6 43. Qh5+ Kg8 44. Qg5+ Kf8 45. Qd8+ Kg7 46. Qd4+ f6 47. Qxb4 Qf5 48. Qf4 Qxc2 49. b4 Qg6 50. Kh3 Qf7 51. Qg4+ Kh7 52. h5 Qe7 53.
Bh4 Qe3+ 54. Kh2 Qe5+ 55. Kh3 Qe3+ 56. Qg3 Qe6+ 57. Kh2 Qf5 58. Qg6+ Qxg6 59. hxg6+ Kxg6 60. b5 Kh5 61. bxa6 Kxh4 62. a7 f5 63. a8=Q Kg4 64. Qf3+ Kg5 65. a6 Kh4 66. g3+ Kg5 67. Qf4+ Kh5 68. a7 Kg6 69. a8=Q Kh5 70. Qh8+ Kg6 71. Qhh6+ Kf7 72. Qc7+ Ke8 73. Qhf4 Kf8 74. Qxf5+ Kg8 75. Qfd7 Kf8 76. g4 Kg8 77. g5 Kf8 78. g6 Kg8 79.
Qh7+ Kf8 80. g7+ Ke8 81. g8=R# 1-0

[Event "*** Titled Tuesday Blitz"]
[Site "Chess.com"]
[Date "2021.04.27"]
[Round "6"]
[White "vanyakuba"]
[Black "kritipatel"]
[Result "1-0"]
[WhiteElo "2393"]
[BlackElo "1771"]
[TimeControl "180+1"]
[EndTime "11:08:09 PDT"]
[Termination "vanyakuba won by checkmate"]

1. e4 e5 2. Nf3 Nc6 3. Bb5 a6 4. Ba4 Nf6 5. d3 b5 6. Bb3 Bc5 7. c3 O-O 8. O-O d6 9. h3 Bb6 10. Re1 h6 11. Nbd2 Ne7 12. a4 Rb8 13. axb5 axb5 14.
Nf1 Ng6 15. Ng3 Be6 16. d4 Qc8 17. Kh2 Rd8 18. Qc2 Nh7 19. Nf5 Bxf5 20. exf5 Ne7 21. dxe5 Nxf5 22. e6 Bxf2 23. Qxf2 Kh8 24. Qc2 Ne7 25.
exf7 Qd7 26. Be6 Qc6 27. Be3 d5 28. Bd4 Nf8 29. Bg4 Qd6+ 30. Be5 Qc5 31. Qd2 Kh7 32.
Nd4 Neg6 33. Bf5 Qb6 34. Qd3 c5 35. Nf3 c4 36. Qc2 Rb7 37. Nd4 Rxf7 38. h4 Re8 39. h5 Kg8 40. hxg6 Rfe7 41. Bg3 Rxe1 42. Rxe1 Rxe1 43.
Bxe1 Qf6 44. Bg3 Qg5 45. Qe2 Nxg6 46. Qe6+ Kh7 47. Qxg6+ Qxg6 48. Bxg6+ Kxg6 49. Nxb5 Kf6 50. Nc7 Kf5 51. Nxd5 Ke4 52. Nb6 Kd3 53. Nxc4 Kc2 54. Be5 Kb3 55. Bxg7 Kxc4 56. Bxh6 Kb3 57. Bg7 Kxb2 58.
c4+ Kb3 59. c5 Kb4 60. c6 Kb5 61. c7 Kc4 62. c8=Q+ Kd3 63. Qf5+ Ke2 64. Qf3+ Kd2 65. Bh6+ Kc2 66. Qd5 Kc3 67. Kg3 Kb2 68. Kf3 Kc2 69. Ke3 Kb1 70. Qc4 Ka1 71. Qb4 Ka2 72. Kd3 Ka1 73. Bg7+ Ka2 74. Qb2# 1-0

[Event "*** Titled Tuesday Blitz"]
[Site "Chess.com"]
[Date "2021.04.27"]
[Round "6"]
[White "GameOverBro"]
[Black "frederiksvane"]
[Result "1/2-1/2"]
[WhiteElo "2528"]
[BlackElo "2743"]
[TimeControl "180+1"]
[EndTime "11:08:10 PDT"]
[Termination "Game drawn - insufficient material"]

1. e4 c5 2. Ne2 Nc6 3. Nbc3 g6 4. d4 cxd4 5. Nxd4 Bg7 6. Nde2 h5 7. h3 d6 8. g3 Nf6 9. Bg2 Bd7 10. f3 O-O 11. O-O Rc8 12. f4 Qb6+ 13. Kh1 Rfd8 14. Nd5 Nxd5 15.
exd5 Na5 16. c3 Nc4 17. Qc2 Ne3 18. Bxe3 Qxe3 19. Rae1 Bb5 20. Kh2 Bd3 21. Qd1 h4 22. Rf3 Bxe2 23. Rxe2 hxg3+ 24. Kxg3 Qb6 25. Rxe7 Qxb2 26.
f5 Rxc3 27. fxg6 fxg6 28. Rxg7+ Kxg7 29. Qd4+ Kg8 30. Rxc3 Re8 31. Rd3 Qxd4 32. Rxd4 Re3+ 33. Bf3 Ra3 34. Rb4 b6 35. Rb2 Kf7 36. Kf4 Kf6 37. h4 Ra4+ 38. Be4 Kf7 39. Rg2 a6 40. Ke3 b5 41. Bxg6+ Kf6 42. Bd3 Ke5 43. Rg5+ Kf6 44. Rg6+ Ke5 45. Rg5+ Kf6 46. Rf5+ Ke7 47. h5 Rxa2 48. Bf1 Rh2 49. Kf3 a5 50. Kg3 Rh1 51.
Bh3 Rc1 52. h6 Rc8 53. h7 Rh8 54. Rh5 Kf6 55. Bf5 a4 56. Bb1 a3 57. Rh6+ Kg7 58.
Rxd6 b4 59. Rd7+ Kf6 60. Ba2 Ke5 61. Kf3 Kd4 62. Ke2 Kc3 63. d6 b3 64. Bxb3 Kxb3 65.
Rb7+ Kc2 66. d7 a2 67. Rc7+ Kb2 68. Ra7 a1=Q 69. Rxa1 Kxa1 70. Kd3 Kb2 71. Kd4 Kb3 72. Ke5 Kc4 73. Ke6 Kc5 74. Kf6 Kd6 75. Kg7 Rd8 76.
h8=Q Rxh8 77. Kxh8 Kxd7 1/2-1/2

[Event "*** Titled Tuesday Blitz"]
[Site "Chess.com"]
[Date "2021.04.27"]
[Round "6"]
[White "nss13"]
[Black "noblerone"]
[Result "1/2-1/2"]
[WhiteElo "2536"]
[BlackElo "2394"]
[TimeControl "180+1"]
[EndTime "11:08:13 PDT"]
[Termination "Game drawn - insufficient material"]

1. e4 c5 2. Nf3 e6 3. d4 cxd4 4.
Nxd4 Qb6 5. Nc3 Bc5 6. Na4 Qa5+ 7. c3 Bxd4 8. Qxd4 Nf6 9. Nc5 Nc6 10. Qd6 b6 11.
Nb3 Qe5 12. Qxe5 Nxe5 13. f3 d5 14. exd5 Nxd5 15. Bd2 O-O 16. Be2 Bb7 17. f4 Ng6 18.
O-O Nf6 19. g3 Rad8 20. Rad1 Ne7 21. Bc1 Nf5 22. Rxd8 Rxd8 23. Rd1 Rxd1+ 24. Bxd1 Kf8 25. Bc2 Nd6 26. Nd4 h6 27. b3 Ke8 28. c4 Be4 29. Bd1 Kd7 30. Be3 Nfe8 31. Nf3 f6 32. Bd4 Nf5 33. Bc3 Ned6 34. Kf2 Bb1 35. Nd2 Bxa2 36.
Bc2 a5 37. Bd3 Ne7 38. Ke2 Nb7 39. Kd1 Nc6 40. Kc2 a4 41. bxa4 Nc5 42. a5 bxa5 43.
Be2 a4 44. Kb2 Bb3 45. Nxb3 Nxb3 46. Ka3 Nc5 47. Bb4 Nxb4 48. Kxb4 Kd6 49. Bd1 e5 50. fxe5+ fxe5 51. Bxa4 Ne4 52. Bc2 Nc5 53. Kc3 Ne6 54. Be4 Kc5 55. Bd5 Nc7 56. Bf7 Na8 57. Kd3 Nb6 58.
Ke4 Kd6 59. c5+ Kxc5 60. Kxe5 Kc6 61. Kf5 Kd6 62. Kg6 Ke7 63. Kxg7 Nd7 64. Ba2 Nf6 65. Kxh6 Ng4+ 66. Kg7 Nxh2 67. Bc4 Kd6 68. Be2 Ke5 69.
Kg6 Ke4 70. Kg5 Ke3 71. Bh5 Kf2 72. Kh4 Ke3 73. Kh3 Nf1 74. g4 Kf4 75. Kh4 Ng3 76. g5 Nf5+ 77. Kh3 Kxg5 1/2-1/2

[Event "*** Titled Tuesday Blitz"]
[Site "Chess.com"]
[Date "2021.04.27"]
[Round "6"]
[White "rachidhuilda"]
[Black "Aslanov_Umid"]
[Result "1/2-1/2"]
[WhiteElo "2271"]
[BlackElo "2442"]
[TimeControl "180+1"]
[EndTime "11:08:15 PDT"]
[Termination "Game drawn by stalemate"]

1. d4 d5 2. c4 e6 3. Nf3 c6 4. Nbd2 Nf6 5. g3 Be7 6. Bg2 O-O 7. O-O Nbd7 8. Qc2 b6 9. e4 dxe4 10. Nxe4 Bb7 11. Rd1 Nxe4 12. Qxe4 Nf6 13. Qc2 Qc7 14.
c5 bxc5 15. dxc5 Nd5 16. Bd2 Rad8 17. b4 Bf6 18. Rac1 e5 19. a3 g6 20. Bh6 Rfe8 21. Nd2 Bc8 22. Ne4 Bg7 23. Bxg7 Kxg7 24. Nc3 Bf5 25.
Qb2 Nxc3 26. Qxc3 Bg4 27. Rxd8 Rxd8 28. Re1 f6 29. Bf3 Bf5 30. Be4 Bxe4 31. Rxe4 Qd7 32.
f4 Qd1+ 33. Re1 Qd4+ 34. Qxd4 exd4 35. Kf2 Kf7 36. Kf3 f5 37. g4 a5 38. gxf5 gxf5 39. Re5 Kf6 40. Ke2 axb4 41. axb4 Rb8 42. Kd3 Rxb4 43.
Re8 Rb2 44. Rc8 Rxh2 45. Rxc6+ Ke7 46. Kxd4 Re2 47. Rh6 Re4+ 48. Kd5 Rxf4 49. Rxh7+ Kd8 50.
Ke5 Rf1 51. Kd6 Rd1+ 52. Ke5 Rf1 53. Rf7 f4 54. Rxf4 Rxf4 55. Kxf4 Kc7 56. Ke5 Kc6 57. Kd4 Kc7 58. Ke5 Kc6 59. Kd4 Kc7 60. Kd5 Kd7 61.
c6+ Kc7 62. Kc5 Kc8 63. Kb5 Kc7 64. Kc5 Kc8 65. Kb6 Kb8 66. Ka6 Kc7 67. Kb5 Kc8 68.
Kc5 Kc7 69. Kd5 Kc8 70. Kd6 Kd8 71. c7+ Kc8 72. Kc6 1/2-1/2

[Event "*** Titled Tuesday Blitz"]
[Site "Chess.com"]
[Date "2021.04.27"]
[Round "6"]
[White "profofchess"]
[Black "maximych26"]
[Result "1-0"]
[WhiteElo "2485"]
[BlackElo "2302"]
[TimeControl "180+1"]
[EndTime "11:08:18 PDT"]
[Termination "profofchess won by checkmate"]

1. e4 c6 2. Nf3 d5 3. Nc3 dxe4 4. Nxe4 Nf6 5. Qe2 Nxe4 6. Qxe4 Qd5 7. Qf4 Qf5 8. Qe3 e6 9. Bd3 Qc5 10. O-O Qxe3 11. fxe3 f6 12. b3 Bc5 13. Bb2 O-O 14. Nd4 Bb4 15. Rf2 e5 16. Bc4+ Kh8 17. Ne6 Bxe6 18.
Bxe6 Na6 19. a3 Nc7 20. Bc4 Bd6 21. a4 a5 22. Raf1 Nd5 23. e4 Nb6 24. Kh1 Rfd8 25. Be6 Bc5 26. Re2 Bd4 27. c3 Bc5 28. Bc1 Rd6 29.
Bg4 Rdd8 30. g3 Be7 31. Rg2 Nd7 32. d4 Bd6 33. Bd1 Nb6 34. Bc2 Bc7 35. Be3 Nc8 36.
g4 Ne7 37. g5 Rf8 38. gxf6 Rxf6 39. Rxf6 gxf6 40. Kg1 Rg8 41. Rxg8+ Kxg8 42. Kf2 Kf7 43. Kf3 Ng6 44. d5 Ne7 45. c4 Nc8 46. Bd2 Ke7 47.
h4 Nd6 48. c5 Nc8 49. d6+ Nxd6 50. cxd6+ Kxd6 51. Bd3 b6 52. Kg4 Ke6 53. Bc4+ Ke7 54. Kf5 Bd8 55. Be3 Bc7 56. h5 Bd8 57. h6 Bc7 58.
Bg8 Kf8 59. Bxh7 Kf7 60. Bg6+ Kg8 61. Kxf6 b5 62. axb5 cxb5 63. Bc5 a4 64. bxa4 bxa4 65. Ba3 Bb8 66. Ke6 Bc7 67. Kd7 Bb8 68. Kc6 Ba7 69. Kb5 Bd4 70. Kxa4 Be3 71. h7+ Kg7 72. Bf5 Bb6 73. Kb5 Bd8 74. Kc6 Bf6 75. Kd5 Kh6 76. Bb2 Bg7 77. Bxe5 Bf6 78. Bxf6 Kh5 79. h8=Q# 1-0

[Event "*** Titled Tuesday Blitz"]
[Site "Chess.com"]
[Date "2021.04.27"]
[Round "6"]
[White "Darius321"]
[Black "Vladyslav_Puchka"]
[Result "1-0"]
[WhiteElo "2295"]
[BlackElo "2108"]
[TimeControl "180+1"]
[EndTime "11:08:25 PDT"]
[Termination "Darius321 won by resignation"]

1. e4 d5 2. exd5 Qxd5 3. Nc3 Qd8 4. Bc4 Nf6 5. Nf3 e6 6. O-O a6 7. d4 b5 8. Bb3 c5 9. dxc5 Qxd1 10. Rxd1 Bb7 11.
Be3 Nbd7 12. a4 b4 13. Ne2 Bxf3 14. gxf3 Bxc5 15. Bxc5 Nxc5 16. Bc4 O-O 17. Rd6 a5 18. b3 Rfd8 19. Rad1 Nb7 20. Rxd8+ Rxd8 21. Rxd8+ Nxd8 22. c3 Nc6 23. Bb5 Na7 24. cxb4 axb4 25. Nd4 Nd5 26. Bc4 Kf8 27. Kf1 Ke7 28. Ke2 Kd6 29. Kd3 Kc5 30.
Nc2 Nf4+ 31. Ke4 Ng6 32. Ne1 Nc6 33. Nd3+ Kb6 34. f4 Nge7 35. Bb5 h6 36. Bxc6 Nxc6 37. Ne5 Na5 38. Nd3 Nxb3 39. Nxb4 Nc5+ 40. Ke5 Nxa4 41. Kd6 Nc3 42. Ke7 Nd5+ 43. Kxf7 Nxf4 44. Kxg7 h5 45. Kf6 h4 46. Kg5 Nh3+ 47. Kxh4 Nxf2 48.
Kg3 Ne4+ 49. Kf4 Nf2 50. h4 Kc5 51. h5 Nh3+ 52. Kg4 Nf2+ 53. Kf3 Nh3 54. Kg4 Nf2+ 55. Kh4 Ne4 56. h6 Nf6 57. Nd3+ Kd4 58. Kg5 Nh7+ 59.
Kg6 Nf8+ 60. Kg7 Kxd3 61. Kxf8 e5 62. h7 e4 63. h8=Q e3 64. Qh3 Kd2 65. Qd7+ Ke1 66. Qd3 e2 67. Ke7 Kf2 68. Qf5+ Kg1 69. Qe4 Kf2 70.
Qf4+ Kg1 71. Qe3+ Kf1 72. Qf3+ Ke1 73. Ke6 Kd2 74. Qf2 Kd1 75. Qd4+ Kc2 76. Qe3 Kd1 77.
Qd3+ Ke1 78. Ke5 Kf2 79. Qd2 Kf1 80. Qf4+ Kg1 81. Qe3+ Kf1 82. Qf3+ Ke1 83. Ke4 Kd1 84. Ke3 1-0

[Event "*** Titled Tuesday Blitz"]
[Site "Chess.com"]
[Date "2021.04.27"]
[Round "6"]
[White "paulrusan"]
[Black "Abdimalik_Abdisalimov"]
[Result "0-1"]
[WhiteElo "2220"]
[BlackElo "2331"]
[TimeControl "180+1"]
[EndTime "11:08:26 PDT"]
[Termination "Abdimalik_Abdisalimov won on time"]

1. e4 e5 2. Nf3 Nc6 3. Bc4 Nf6 4. d3 Bc5 5. O-O O-O 6. c3 d6 7. Bb3 Bb6 8. h3 Ne7 9. Nh4 Ng6 10. Nxg6 hxg6 11.
Bg5 Qe8 12. Nd2 Be6 13. Nc4 Qd7 14. Qf3 Nh7 15. Be3 Bxe3 16. Nxe3 Bxb3 17. axb3 c6 18. d4 exd4 19. cxd4 a6 20. Rfe1 Rae8 21. Rad1 Ng5 22. Qg4 Qxg4 23. Nxg4 Nxe4 24. d5 c5 25. Ne3 f5 26. Nc4 b5 27. Na5 Nf6 28. Rxe8 Rxe8 29. Nb7 Re5 30. Nxd6 Rxd5 31. Rxd5 Nxd5 32. g3 Kf8 33. Kf1 Ke7 34. Nb7 c4 35. bxc4 bxc4 36. Ke2 c3 37. bxc3 Nxc3+ 38. Kd3 Ne4 39. Ke3 Ke6 40. g4 Ng5 41. h4 Ne4 42. f3 Nf6 43. g5 Nd5+ 44. Kd4 Nc7 45. f4 Nb5+ 46. Kc5 Nc3 47.
Kd4 Nb5+ 48. Kc5 Nc3 49. Kd4 Nd5 50. Nc5+ Kd6 51. Nxa6 Nxf4 52. Nc5 Ng2 53. Nd3 Nxh4 54. Nf4 Nf3+ 55. Ke3 Nxg5 56. Nxg6 Ne6 57. Nh8 Ke5 58. Ng6+ Kf6 59. Nh4 g5 60. Nf3 g4 61. Nd2 Ke5 62. Nc4+ Kd5 63. Nb6+ Kc5 64. Nd7+ Kd6 65. Nf6 Ke5 66.
Nh5 f4+ 67. Kf2 Ke4 68. Ke2 Nd4+ 69. Kf2 Nc6 70. Nf6+ Kf5 71. Nd5 Ne5 72. Kg2 f3+ 73. Kg3 Nc4 74. Ne7+ Kg5 75. Nd5 Nd2 0-1

[Event "*** Titled Tuesday Blitz"]
[Site "Chess.com"]
[Date "2021.04.27"]
[Round "6"]
[White "mishanick"]
[Black "platy3"]
[Result "1-0"]
[WhiteElo "3020"]
[BlackElo "2848"]
[TimeControl "180+1"]
[EndTime "11:08:28 PDT"]
[Termination "mishanick won on time"]

1. e4 c5 2. Nf3 e6 3. d4 cxd4 4. Nxd4 Nc6 5. Nc3 Qc7 6. Be2 a6 7. Qd3 Nf6 8. Nxc6 dxc6 9. f4 e5 10. O-O Be6 11. Kh1 h5 12. fxe5 Ng4 13. Bf4 Rd8 14.
Qf3 Nxe5 15. Qg3 h4 16. Qf2 Bd6 17. h3 Ng6 18. Bg5 Be7 19. Be3 Qe5 20. Rad1 Bd6 21. Qg1 f6 22. Bd4 Qg5 23. Be3 Qe5 24. Bd4 Qg5 25. Bb6 Rd7 26. Be3 Qe5 27. Bd4 Qg5 28. Be3 Qe5 29. Bf3 O-O 30. Bd4 Qa5 31. a3 Bc7 32. Bc5 Rxd1 33. Rxd1 Rd8 34. Rxd8+ Bxd8 35. Qd4 Qc7 36. Bd6 Qd7 37. Qc5 Bc7 38. Bxc7 Qxc7 39. Ne2 Ne5 40. Nd4 Bf7 41. b4 b6 42. Qc3 Qd7 43.
Nf5 Be6 44. Nxh4 g5 45. Nf5 Bxf5 46. exf5 Qxf5 47. Bxc6 Qf1+ 48. Kh2 Qf4+ 49. g3 Qf2+ 50. Bg2 Kg7 51. a4 Kg6 52. a5 bxa5 53. bxa5 g4 54. hxg4 Nxg4+ 55. Kh3 Ne5 56. Qb4 Qf5+ 57. g4 Qg5 58. Qe4+ Kh6 59. Kg3 Qd2 60. Qf4+ Qxf4+ 61. Kxf4 Nc4 62. Bf1 Nxa5 63. Bxa6 Nc6 64. Ke4 Nb4 65.
Bd3 Kg5 66. Kf3 Nd5 67. Bf5 Nc3 68. Bd3 Nd5 69. c4 Nb4 70. Be4 Na6 71. Bf5 Nc5 72. Ke3 Nb7 73. Kd4 Kf4 74. Kd5 Na5 75. c5 Ke3 76. c6 1-0